 Dungeon Crawl Stone Soup version 0.13-a0-2907-g70ca29e (webtiles) character file.

3056 Gruud the Basher (level 9, -16/80 HPs)
             Began as an Ogre Hunter on Aug 31, 2013.
             Was a Follower of Makhleb.
             Demolished by an orc warrior
             ... wielding a -1,+1 orcish glaive
              (26 damage)
             ... on Level 7 of the Dungeon.
             The game lasted 00:22:22 (8013 turns).

Gruud the Basher (Ogre Hunter)                      Turns: 8013, Time: 00:22:22

HP -16/80        AC  6     Str 19      XL: 9   Next: 62%
MP   8/8         EV 10     Int 13      God: Makhleb [*.....]
Gold 408         SH  0     Dex 10      Spells:  0 memorised,  8 levels left

Res.Fire  : . . .   See Invis. : .   a - +0 giant spiked club
Res.Cold  : . . .   Warding    : .   E - +2 orc robe
Life Prot.: . . .   Conserve   : .   (shield restricted)
Res.Poison: .       Res.Corr.  : .   (helmet restricted)
Res.Elec. : .       Clarity    : .   M - +0 cloak (curse)
Sust.Abil.: . .     Spirit.Shd : .   (gloves unavailable)
Res.Mut.  : .       Stasis     : .   (boots unavailable)
Res.Rott. : .       Flight     : .   v - amulet of the gourmand
Gourmand  : +                        (no ring)
                                     (no ring)

@: somewhat resistant to hostile enchantments, unstealthy
A: unfitting armour, fast metabolism 2, saprovore 1, tough skin 1
a: Renounce Religion


You were on level 7 of the Dungeon.
You worshipped Makhleb.
Makhleb was pleased with you.
You were completely stuffed.

You visited 2 branches of the dungeon, and saw 8 of its levels.

You collected 388 gold pieces.

Inventory:

Hand weapons
 a - a +0,+0 giant spiked club (weapon)
 b - a +1 blowgun
Missiles
 c - 2 throwing nets
 d - 16 poisoned needles
 n - 14 steel darts
 F - 4 large rocks (quivered)
Armour
 E - a +2 orcish robe (worn)
 M - a cursed +0 cloak (worn)
Magical devices
 C - a wand of lightning (1)
 L - a wand of confusion (14) {unknown}
Comestibles
 f - 5 meat rations
 h - 8 bread rations
 i - a pear
 l - a honeycomb
 o - a banana
 A - 3 apples
 I - a snozzcumber
 J - an apricot
 N - 5 rotting chunks of ogre flesh
Scrolls
 e - a scroll of blinking {unknown}
 k - a scroll of noise
 m - a scroll of curse weapon {unknown}
 p - a scroll of recharging {unknown}
 q - 5 scrolls of remove curse {unknown}
 u - a scroll of magic mapping {unknown}
 x - a scroll of enchant armour {unknown}
 y - a scroll of teleportation {unknown}
 B - a scroll of immolation {unknown}
 H - a scroll of random uselessness {unknown}
Jewellery
 t - an uncursed amulet of stasis
 v - an amulet of the gourmand (around neck)
Potions
 g - a potion of invisibility
 j - a potion of resistance {unknown}
 s - a potion of restore abilities {unknown}
 w - 7 potions of curing
 z - a potion of beneficial mutation {unknown}
 G - a potion of heal wounds
 K - a potion of brilliance {unknown}


   Skills:
 - Level 2.6 Fighting
 * Level 13.2 Maces & Flails
 + Level 9.1 Throwing
 - Level 1.7 Dodging
 - Level 0.7 Stealth


You had 8 spell levels left.
You didn't know any spells.

Dungeon Overview and Level Annotations

Branches:
Dungeon (7/27)             Temple (1/1) D:6
    Orc: D:6-11

Altars:
Ashenzari
Elyvilon
Fedhas
Kikubaaqudgha
Makhleb
Nemelex Xobeh
Okawaru
Sif Muna
Trog
Vehumet
Xom
Yredelemnul
Zin
the Shining One

Shops:
D:4 [


Innate Abilities, Weirdness & Mutations

You are too large for most types of armour.
You have a very fast metabolism.
You can tolerate rotten meat.
You have tough skin (AC +1).


Message History

You barely miss the orc warrior.
The orc shouts!
The orc warrior closely misses you.
You barely miss the orc warrior.
The orc warrior hits you with an orcish glaive!
You impale the orc warrior!!
The orc warrior is almost dead.
The orc hits you but does no damage.
A crimson imp comes into view.
You barely miss the orc warrior.
The orc warrior is almost dead.
The orc warrior hits you with an orcish glaive!
* * * LOW HITPOINT WARNING * * *
The orc barely misses you.
You are too injured to fight recklessly!
You are too injured to fight recklessly!
You closely miss the orc warrior.
The orc warrior is almost dead.
The orc warrior hits you with an orcish glaive!
You die...

##### #...# #...#
#...######
#.oo....5.. #@#
#.# #.# #.###
#.#<# #######
#.#.# #.....#
#.#.# #.....#
#.#.# #.....#
#.#.####.....#####


You could see an orc warrior, a crimson imp and an orc.

Vanquished Creatures
  A manticore (D:6)
  A phantom (D:4)
  4 sky beasts
  4 ogres
  4 centaurs
  5 giant frogs
  8 wights (D:6)
  A vampire bat (D:5)
  3 hounds
  A crimson imp (D:7)
  An orc priest (D:7)
  Crazy Yiuf (D:7)
  2 jellies (D:6)
  4 orc wizards
  2 iguanas (D:5)
  7 adders
  3 gnolls (D:2)
  5 worms
  3 fire bats (D:5)
  4 giant geckos
  13 orcs
  2 spectral bats (D:5)
  23 bats
  5 bat skeletons
  A bat zombie (D:5)
  11 goblins
  13 hobgoblins
  7 jackals
  12 kobolds
  5 quokkas
  3 ball pythons
  A bat simulacrum (D:5)
  7 giant cockroaches
  4 giant newts
  A hobgoblin skeleton (D:6)
  An orc skeleton (D:6)
  6 rats
  A rat skeleton (D:5)
180 creatures vanquished.

Vanquished Creatures (others)
  An adder (D:6)
  A giant mite (D:6)
  A giant gecko (D:6)
  An orc (D:6)
  A hobgoblin (D:6)
  2 jackals (D:6)
  A kobold (D:6)
  A rat (D:6)
9 creatures vanquished.

Grand Total: 189 creatures vanquished

Notes
Turn   | Place    | Note
--------------------------------------------------------------
     0 | D:1      | Gruud, the Ogre Hunter, began the quest for the Orb.
     0 | D:1      | Reached XP level 1. HP: 20/20 MP: 0/0
   604 | D:1      | Reached XP level 2. HP: 26/28 MP: 1/1
  1324 | D:1      | Reached XP level 3. HP: 26/35 MP: 2/2
  1489 | D:2      | Reached skill level 5 in Throwing
  1687 | D:2      | Reached XP level 4. HP: 30/44 MP: 3/3
  2317 | D:2      | Found an ancient bone altar of Kikubaaqudgha.
  2976 | D:3      | Reached XP level 5. HP: 50/50 MP: 4/4
  2981 | D:3      | Reached skill level 5 in Maces & Flails
  3273 | D:3      | Noticed an ogre
  3276 | D:3      | Killed an ogre
  3276 | D:3      | Reached skill level 6 in Maces & Flails
  3276 | D:3      | Reached XP level 6. HP: 54/58 MP: 5/5
  3307 | D:3      | Noticed an ogre
  3323 | D:3      | Killed an ogre
  3323 | D:3      | Reached skill level 7 in Maces & Flails
  3614 | D:4      | Reached XP level 7. HP: 62/66 MP: 6/6
  3714 | D:4      | Found Sousk's Antique Armour Emporium.
  4180 | D:5      | Entered Level 5 of the Dungeon
  4361 | D:5      | Reached skill level 8 in Maces & Flails
  4510 | D:5      | Reached skill level 9 in Maces & Flails
  5311 | D:5      | Reached XP level 8. HP: 74/74 MP: 7/7
  5669 | D:5      | Reached skill level 10 in Maces & Flails
  6174 | D:6      | Found a staircase to the Ecumenical Temple.
  6263 | Temple   | Entered the Ecumenical Temple
  6271 | Temple   | Became a worshipper of Makhleb the Destroyer
  6437 | D:6      | Reached skill level 11 in Maces & Flails
  6699 | D:6      | Reached XP level 9. HP: 63/80 MP: 8/8
  6739 | D:6      | Reached skill level 12 in Maces & Flails
  6740 | D:6      | Gained mutation: You have a very fast metabolism. [mutagenic meat]
  6748 | D:6      | Found a shimmering altar of Xom.
  7378 | D:7      | Noticed Crazy Yiuf
  7387 | D:7      | Killed Crazy Yiuf
  7656 | D:7      | Acquired Makhleb's first power
  7656 | D:7      | Reached skill level 13 in Maces & Flails
  7661 | D:7      | HP: 4/80 [ogre/giant spiked club (15)]
  8013 | D:7      | Demolished by an orc warrior

Action                   |  1- 3 |  4- 6 |  7- 9 || total
-------------------------+-------+-------+-------++-------
Melee: Club              |    12 |       |       ||    12
       Whip              |   110 |       |       ||   110
       Flail             |     5 |    96 |       ||   101
       Giant club        |       |    21 |   318 ||   339
       Giant spiked club |       |       |    15 ||    15
 Fire: Blowgun           |       |     5 |       ||     5
Throw: Large rock        |     4 |    10 |    11 ||    25
       Dart              |       |    15 |    41 ||    56
Evoke: Wand              |       |     1 |     1 ||     2
  Use: Scroll            |       |     4 |     7 ||    11
       Potion            |       |       |     3 ||     3
